 Dungeon Crawl Stone Soup version 0.32-a0-705-g60f233581c (webtiles) character file.

Game seed: 9824020775278356824

12352 seren the Grappler (level 11, -2/77 HPs)
             Began as an Octopode Shapeshifter on Mar 14, 2024.
             Was an Initiate of Gozag.
             Slain by an ettin
             ... wielding a +0 dire flail
              (23 damage)
             ... on level 11 of the Dungeon.
             The game lasted 00:34:42 (15214 turns).

seren the Grappler (Octopode Shapeshifter)         Turns: 15214, Time: 00:34:43

Health: -2/77      AC:  1    Str: 18    XL:     11   Next: 92%
Magic:  11/11      EV: 14    Int: 18    God:    Gozag
Gold:   2479       SH: 14    Dex: 12    Spells: 10/10 levels left

rFire   + .          .
                       - Unarmed
rCold   . . .        y - +0 kite shield
rNeg    . . .        r - melded +0 hat
rPois   .            g - amulet of reflection
rElec   .            e - ring of flight
rCorr   .            u - +6 ring of intelligence
SInv    .            F - ring of protection from fire
Will    .....        (no ring)
Stlth   +++          (no ring)
HPRegen 0.32/turn    (no ring)
MPRegen 0.12/turn    (no ring)
                     (no ring)

%: reflection
@: mighty, beast-form, flying
A: beast (slay +4), almost no armour, amphibious, 8 rings, camouflage 1,
gelatinous body 1, (nimble swimmer 1), tentacles
a: Begin Untransformation, Renounce Religion, Potion Petition, Call Merchant,
Bribe Branch


You were on level 11 of the Dungeon.
You worshipped Gozag.
Gozag was most pleased with you.
You were a hulking beast.
You visited 2 branches of the dungeon, and saw 12 of its levels.

You collected 2579 gold pieces.
You spent 52 gold pieces at shops.
You paid 48 gold pieces to Gozag.

Inventory:

Hand Weapons
 b - a +2 sling of draining
Missiles
 d - 9 atropa-tipped darts
 o - 40 poisoned darts (quivered)
 N - a throwing net
Armour
 r - a +0 hat (melded)
 x - a +0 buckler
 y - a +0 kite shield (worn)
Jewellery
 e - a ring of flight (left tentacle)
 g - an amulet of reflection (around mantle)
 u - a +6 ring of intelligence (right tentacle)
 B - an amulet of regeneration
 F - a ring of protection from fire (on tentacle)
Talismans
 c - a flux talisman
 k - a talisman of death
 H - a beast talisman (active)
Wands
 s - a wand of warping (11)
 w - a wand of digging (11)
 C - a wand of flame (5)
 K - a wand of mindburst (9)
Scrolls
 n - a scroll of butterflies
 q - 3 scrolls of fear {unknown}
 t - a scroll of revelation {unknown}
 z - 2 scrolls of enchant armour {unknown}
 A - a scroll of noise {unknown}
 E - 2 scrolls of brand weapon {unknown}
 G - 2 scrolls of enchant weapon {unknown}
 I - 2 scrolls of silence {unknown}
 J - a scroll of teleportation {!r}
 L - 2 scrolls of identify
 P - a scroll of poison {unknown}
Potions
 a - 2 potions of lignification
 f - 2 potions of haste {unknown}
 h - 4 potions of curing
 i - 4 potions of might
 j - a potion of attraction
 l - 3 potions of enlightenment {unknown}
 m - a potion of degeneration {unknown}
 p - a potion of mutation {unknown}
 D - 2 potions of magic {unknown}
 M - a potion of heal wounds {unknown}
 O - a potion of brilliance {unknown}


   Skills:
 + Level 8.0 Fighting
 + Level 8.3 Dodging
 - Level 4.0 Stealth
 + Level 7.2 Shields
 * Level 8.6 Unarmed Combat
 - Level 6.0 Evocations
 * Level 8.1 Shapeshifting


You had 10 spell levels left.
You didn't know any spells.
Your spell library contained the following spells:

 Spells                   Type           Power      Damage    Failure   Level
 Necrotise                Necr           0%         1d4       45%         1
 Lesser Beckoning         Tloc           0%         N/A       58%         2
 Mercury Vapours          Alch/Air       0%         N/A       58%         2
 Call Canine Familiar     Summ           0%         N/A       83%         3
 Gell's Gravitas          Tloc           0%         N/A       83%         3
 Mephitic Cloud           Conj/Alch/Air  0%         N/A       83%         3
 Sigil of Binding         Hex            0%         N/A       83%         3
 Teleport Other           Tloc           0%         N/A       83%         3
 Vampiric Draining        Necr           0%         2d6       83%         3
 Dimensional Bullseye     Hex/Tloc       0%         N/A       99%         4
 Martyr's Knell           Necr/Summ      0%         N/A       99%         4
 Curse of Agony           Necr           0%         N/A       100%        5
 Freezing Cloud           Conj/Ice/Air   0%         6-21      100%        5


Dungeon Overview and Level Annotations

Branches:
Dungeon (11/15)            Temple (1/1) D:4            Lair (0/5) D:11
    Orc (0/2) D:9

Altars:
Ashenzari
Cheibriados
Dithmenos
Elyvilon
Fedhas
Gozag
Hepliaklqana
Kikubaaqudgha
Makhleb
Nemelex Xobeh
Okawaru
Qazlal
Ru
Sif Muna
Trog
Uskayaw
Vehumet
Wu Jian
Xom
Yredelemnul
Zin
The Shining One

Shops:
D:5 *   D:9 !

Annotations:
D:3 2 transporters, Winter's ghost, amateur MDFi
D:4 Edmund
D:5 Eustachio
D:6 Prince Ribbit
D:7 2 transporters, Konar's ghost, novice CoHu
D:8 exclusion: vampire
D:10 exclusions: fire bat and 2 ice beasts
Temple 2 transporters


Innate Abilities, Weirdness & Mutations

You are a hulking beast.
Your limbs bulge with bestial killing power. (Slay +4)
You cannot wear most types of armour.
You are amphibious.
You can wear up to eight rings at the same time.
Your skin changes colour to match your surroundings (Stealth+).
Your rubbery body absorbs attacks. (AC +1, EV +1)
((You are camouflaged when in or above water. (Stealth+)))
You have tentacles for arms and can constrict up to eight enemies at once.


Message History

There is an open door here.
You see here a +0 spear.
Things that are here:
a +0 halberd; a +0 halberd
There is an open door here.
There is an open door here.
There is a stone staircase leading down here.
You fly downwards.
There is a stone staircase leading up, spattered with blood here.
The ettin shouts in stereo!
Aiming: Warp Space
Press: ? - help, Shift-Dir - straight line, f - ettin
Aim: an ettin, wielding two +0 dire flails Space twists violently!
The rupture engulfs the ettin!
The ettin blinks!
The ettin is moderately wounded.
You hear a shout! x2
Okay, then.
Okay, then.
You feel very mighty all of a sudden.
A cyclops comes into view.
The ettin hits you with a +0 dire flail!
You block the ettin's attack.
You tentacle-slap the ettin. You squeeze the ettin.
The ettin is moderately wounded.
You block the ettin's attack.
The ettin hits you with a +0 dire flail!!
* * * LOW HITPOINT WARNING * * *
You bludgeon the ettin!
The ettin is heavily wounded.
You block the ettin's attack. x2
You barely miss the ettin. Your squeeze misses the ettin.
The ettin is heavily wounded.
The ettin completely misses you.
The ettin hits you with a +0 dire flail!!
* * * LOW HITPOINT WARNING * * *
You batter the ettin!!
The ettin is severely wounded.
The ettin hits you with a +0 dire flail!!
You die...
Your body crumbles into a pile of gold.

##...# #########.......#####
#.### #######.####.......####.
##.#######..........#.......#....
#..#........P.......#.......#....
#.#.................###'''###....
...................).............
..........)......................
....................C............
..............(.hC...............
)................................
.................................
####...########......#...........
###.#### #<.............>...
#....# ##.................
####.### ##.................
#.#.# #.........#........
###...###........##.....###


You could see an ettin and a cyclops.

Vanquished Creatures
  7 cyclopes
  A gargoyle (D:11)
  2 komodo dragons (D:11)
  A troll (D:7)
  A hornet (D:8)
  Sigmund (D:4)
  14 yaks
  2 shadows
  A wyvern (D:11)
  3 wraiths
  A basilisk (D:11)
  A steam dragon (D:7)
  Grum (D:10)
  3 wargs
  A water moccasin (D:7)
  Duvessa (D:7)
  2 sky beasts
  2 orc warriors (D:9)
  4 wolves
  6 ogres
  5 centaurs
  4 kobold brigands
  4 bullfrogs
  A gnoll sergeant (D:10)
  2 scorpions
  11 wights
  Dowan (D:7)
  3 howler monkeys (D:7)
  A bombardier beetle (D:6)
  11 hounds
  A jelly (D:5)
  7 orc priests
  2 sleepcaps
  4 iguanas
  14 orc wizards
  8 gnolls
  7 adders
  A shadow imp (D:6)
  6 white imps
  2 ribbon worms
  2 dart slugs
  48 orcs
  7 bats
  6 endoplasms
  4 giant cockroaches
  6 goblins
  5 hobgoblins
  2 quokkas
  10 ball pythons
  2 frilled lizards (D:1)
  23 kobolds
  6 rats
271 creatures vanquished.

Vanquished Creatures (others)
  2 kobolds (D:8)
2 creatures vanquished.

Grand Total: 273 creatures vanquished

Notes
Turn   | Place    | Note
-------+----------+-------------------------------------------
     0 | D:1      | seren the Octopode Shapeshifter began the quest for the
                  | Orb.
     0 | D:1      | Reached XP level 1. HP: 13/13 MP: 1/1
   183 | D:1      | Reached XP level 2. HP: 15/18 MP: 2/2
   390 | D:1      | Reached XP level 3. HP: 18/23 MP: 3/3
   724 | D:2      | Reached XP level 4. HP: 21/29 MP: 4/4
  1760 | D:3      | Noticed Winter's ghost (amateur MDFi)
  1913 | D:3      | Found a transporter.
  1930 | D:3      | Found a transporter.
  2171 | D:3      | Found a faded altar of an unknown god.
  2178 | D:3      | Reached XP level 5. HP: 34/34 MP: 5/5
  2759 | D:4      | Noticed an ogre
  2837 | D:4      | Killed an ogre
  2838 | D:4      | Reached skill level 1 in Stealth
  2838 | D:4      | Reached XP level 6. HP: 41/41 MP: 6/6
  2886 | D:4      | Found a staircase to the Ecumenical Temple.
  2896 | Temple   | Found a transporter.
  2896 | Temple   | Found a transporter.
  2896 | Temple   | Found a transporter.
  2896 | Temple   | Found a transporter.
  2896 | Temple   | Entered the Ecumenical Temple
  2910 | Temple   | Became a worshipper of Gozag Ym Sagoz the Greedy
  2976 | D:4      | Noticed Sigmund
  2992 | D:4      | Reached skill level 1 in Evocations
  3342 | D:4      | Reached XP level 7. HP: 46/46 MP: 7/7
  3698 | D:4      | Noticed Edmund
  3908 | D:5      | Entered Level 5 of the Dungeon
  4288 | D:5      | Reached skill level 1 in Shields
  4367 | D:5      | Found Fodef's Elemental Accessories.
  4376 | D:5      | Bought a wand of flame (5) for 52 gold pieces
  4455 | D:5      | Noticed Eustachio
  4868 | D:6      | Reached XP level 8. HP: 25/54 MP: 8/8
  4886 | D:6      | Found an ancient bone altar of Kikubaaqudgha.
  5010 | D:6      | Found an ornate altar of the Wu Jian Council.
  5041 | D:6      | Found a shimmering altar of Xom.
  5042 | D:6      | Found a shimmering altar of Xom.
  5126 | D:6      | Found a burning altar of Makhleb.
  5194 | D:6      | Noticed Prince Ribbit
  5459 | D:6      | Found a shadowy altar of Dithmenos.
  5509 | D:6      | Reached skill level 5 in Shapeshifting
  5688 | D:6      | Reached skill level 5 in Unarmed Combat
  5911 | D:7      | Noticed Konar's ghost (novice CoHu)
  5912 | D:7      | Found a transporter.
  6204 | D:7      | Noticed Duvessa
  6265 | D:7      | Reached skill level 5 in Dodging
  6291 | D:7      | Noticed Dowan
  6295 | D:7      | Killed Duvessa
  6296 | D:7      | Reached XP level 9. HP: 59/59 MP: 9/9
  6301 | D:7      | Killed Dowan
  6467 | D:7      | Found a glowing silver altar of Zin.
  6497 | D:7      | Found a shimmering blue altar of Sif Muna.
  6500 | D:7      | Found a bloodstained altar of Trog.
  6500 | D:7      | Found a hide-covered altar of Uskayaw.
  6553 | D:7      | Found a glowing golden altar of the Shining One.
  6710 | D:7      | Found a transporter.
  6758 | D:7      | Noticed a troll
  6886 | D:7      | Killed a troll
  6887 | D:7      | Reached skill level 5 in Fighting
  7390 | D:8      | Noticed a hornet
  7576 | D:4      | Killed Sigmund
  8472 | D:8      | Reached skill level 5 in Evocations
  8483 | D:8      | Killed a hornet
  8484 | D:8      | Reached XP level 10. HP: 39/68 MP: 10/10
  8932 | D:9      | Found Rirom's Distillery.
  9084 | D:9      | Found a blossoming altar of Fedhas.
  9085 | D:9      | Found a snail-covered altar of Cheibriados.
  9595 | D:9      | Found a staircase to the Orcish Mines.
  9781 | D:9      | Reached skill level 5 in Shields
 10043 | D:9      | Found a white marble altar of Elyvilon.
 10312 | D:10     | Entered Level 10 of the Dungeon
 10705 | D:10     | Noticed Grum
 10738 | D:10     | Killed Grum
 11367 | D:11     | Noticed a cyclops
 11488 | D:11     | Killed a cyclops
 11489 | D:11     | Reached XP level 11. HP: 74/74 MP: 11/11
 11531 | D:11     | Noticed an ettin
 11756 | D:11     | Noticed a cyclops
 11756 | D:11     | Noticed a cyclops
 11756 | D:11     | Noticed a cyclops
 11756 | D:11     | Noticed a cyclops
 11756 | D:11     | Noticed a cyclops
 11973 | D:11     | Found a staircase to the Lair.
 12179 | D:11     | Noticed a cyclops
 12190 | D:11     | Killed a cyclops
 12522 | D:11     | Killed a cyclops
 12534 | D:11     | Killed a cyclops
 12601 | D:11     | Killed a cyclops
 13707 | D:11     | Killed a cyclops
 14348 | D:10     | Killed a cyclops
 14926 | D:11     | Noticed a cyclops
 14946 | D:10     | Noticed a deep elf pyromancer
 14946 | D:10     | Noticed a deep elf pyromancer
 15210 | D:11     | Noticed a cyclops
 15214 | D:11     | Slain by an ettin

Illustrated notes

Levels and vault maps discovered:
D:1:      saegor_arrival_fortress, layout_rooms
D:2:      layout_basic, kennysheep_minor_cross, kennysheep_generic_room_13
D:3:      layout_basic, dreamdust_ecumenical_altar_hidden_monk_grotto,
          gammafunk_ghost_stat_death
D:4:      layout_cave_pools, minmay_temple_entry_proselytizer,
          cheibrodos_sewer_entry_bend, sigmund_edmund_badplayer
D:5:      layout_loops_ring, nicolae_elemental_shop, cheibrodos_gnoll_hut,
          uniq_eustachio
D:6:      layout_loops_ring, kennysheep_mini_moat,
          nicolae_dithmenos_shadow_blocks, makhleb_grotto_becter,
          xom_redecorated, overflow_temple_1_default, uniq_prince_ribbit1
D:7:      layout_loops_corners, nicolae_overflow_hallway_of_the_gods,
          gammafunk_ghost_smash, uniq_duvessa
D:8:      layout_loops_corners, serial_library_hellmonk_h_bend
D:9:      layout_stronghold, mainiacjoe_overflow_divided_tiny,
          lemuel_round_altar, david_orc_3, serial_shops,
          nicolae_take_the_stairs, minmay_misc_feat_plants, minivault_5,
          minmay_misc_feat_tower
D:10:     dpeg_index_elf_rogue_hall, layout_loops_corners, uniq_grum
D:11:     giant_chief_lemuel, layout_cave_pools, grunt_lair_entry_orc_guard_hut
Temple:   hellmonk_temple_divided_pantheon

Skill      XL: |  1  2  3  4  5  6  7  8  9 10 11 |
---------------+----------------------------------+-----
Fighting       | 2 3 4 5 6 8 |  8.0
Dodging        | 3 4 5 6 7 8 |  8.3
Stealth        | 1 2 3 4 |  4.0
Unarmed Combat | 4 5 6 7 8 |  8.6
Shapeshifting  | 4 5 6 7 8 |  8.1
Evocations     | 1 2 3 5 6 |  6.0
Shields        | 1 3 4 6 7 |  7.2

Action                     |  1- 3 |  4- 6 |  7- 9 | 10-12 || total
---------------------------+-------+-------+-------+-------++-------
  Melee: Unarmed           |    50 |   107 |   213 |   335 ||   705
         Constrict         |    13 |    25 |    54 |    42 ||   134
         Tentacles         |     5 |    22 |    54 |    78 ||   159
         Punch             |       |     2 |    14 |    15 ||    31
  Throw: Dart              |       |       |     7 |       ||     7
  Evoke: Wand              |       |     2 |     3 |     4 ||     9
    Use: Scroll            |       |     5 |     3 |     2 ||    10
         Potion            |       |     1 |     1 |     3 ||     5
   Stab: Sleeping          |       |    10 |     8 |     2 ||    20
         Distracted        |       |       |       |     2 ||     2
 Armour: Skin              |    24 |    45 |    91 |   110 ||   270
  Dodge: Dodged            |    28 |    35 |    51 |    96 ||   210
  Block: Other             |     4 |    16 |     2 |       ||    22
         Reflection        |       |     1 |    11 |    26 ||    38
         Kite shield       |       |       |   125 |   209 ||   334
         Form:             |       |     1 |       |       ||     1
         Beast             |       |     1 |       |       ||     1

Table legend: (Time is in decaauts)
 A = Elapsed time spent in this place.
 B = Non-inter-level travel time spent in this place.
 C = Inter-level travel time spent in this place.
 D = Time resting spent in this place.
 E = Time spent auto-exploring this place.
 F = Levels seen in this place.
 G = Mean time per level.
                   A        B        C        D        E       F      G
               +--------+--------+--------+--------+--------+-----+--------+
         Total |  15259 |  14384 |    875 |   3529 |   7346 |  12 | 1271.6 |
       Dungeon |  15230 |  14355 |    875 |   3529 |   7346 |  11 | 1384.5 |
        Temple |     28 |     28 |      0 |      0 |      0 |   1 |   28.0 |
               +--------+--------+--------+--------+--------+-----+--------+

Top non-repeatable levels by time:
    D:10: 2842 daAuts
    D:11: 2081 daAuts
     D:9: 1500 daAuts
     D:8: 1389 daAuts
     D:7: 1322 daAuts
     D:4: 1309 daAuts
     D:6: 1201 daAuts
     D:3: 1169 daAuts
     D:2: 887 daAuts
     D:5: 850 daAuts
     D:1: 674 daAuts
  Temple: 28 daAuts
